Get step-by-step instructions on how to execute this build order below. Start the game timer, and the build order will tick by so you can play in parallel with StarCraft on a second screen or mobile device.

Game Time

  0:00

Last Step

  N/A

Next Step

Upcoming Step



Don't want to look back and forth between 2 screens? Try out our Overwolf App, the Spawning Tool Build Advisor to get an in-game overlay with this build!

Complete Build Order

  12  0:00  SCV  
  13  0:12  SCV  
  14  0:17  Supply Depot  
  14  0:24  SCV  
  15  0:39  SCV  
  15  0:40  Barracks  
  16  0:42  Refinery  
  16  0:51  SCV  
  17  1:03  SCV  
  18  1:15  SCV  
  19  1:27  Orbital Command, Reaper  
  20  1:38  Command Center  
  20  1:47  Supply Depot  
  20  1:53  SCV  
  21  1:59  Marine  
  22  2:05  SCV  
  23  2:11  Bunker  
  23  2:17  Barracks Reactor, SCV  
  25  2:30  SCV  
  25  2:42  SCV  
  26  2:54  Command Center, SCV  
  26  2:57  Marine x2  
  29  3:04  Orbital Command  
  28  3:09  Barracks, SCV  
  28  3:11  Barracks  
  29  3:15  Marine x2  
  31  3:21  SCV  
  32  3:28  Engineering Bay  
  32  3:30  SCV  
  32  3:33  SCV, Marine x2  
  36  3:42  SCV  
  36  3:45  SCV  
  38  3:51  Marine x2  
  38  3:54  SCV  
  41  3:57  SCV  
  41  3:58  Barracks Tech Lab x2  
  41  3:59  Terran Infantry Weapons Level 1  
  42  4:06  SCV  
  43  4:10  Orbital Command  
  43  4:11  Marine x2  
  43  4:13  SCV  
  46  4:17  Marauder x2  
  46  4:18  Combat Shield, Stimpack, SCV  
  46  4:22  Supply Depot  
  51  4:25  SCV  
  51  4:30  Marine x2  
  51  4:31  SCV  
  55  4:35  Refinery  
  55  4:37  SCV  
  55  4:39  Marauder  
  55  4:40  Marauder  
  55  4:41  SCV  
  60  4:45  Supply Depot  
  60  4:47  Refinery  
  60  4:49  SCV x2  
  60  4:50  Marine, Refinery  
  60  4:51  Marine  
  64  4:53  SCV  
  65  5:01  SCV, Marauder  
  65  5:04  SCV, Supply Depot  
  69  5:07  Marauder, SCV  
  69  5:11  Supply Depot  
  72  5:15  SCV  
  72  5:17  SCV  
  72  5:19  Marine x2, SCV  
  76  5:21  Factory  
  76  5:26  Supply Depot, Marauder  
  76  5:28  SCV  
  79  5:31  Marauder  
  79  5:32  SCV  
  79  5:34  SCV  
  83  5:44  Marine x2  
  83  5:47  Marauder  
  83  5:48  SCV  
  87  5:50  SCV  
  87  5:53  Marauder  
  87  5:55  Orbital Command  
  90  5:58  Barracks  
  90  5:59  Barracks  
  90  6:00  SCV  
  89  6:05  Marine x2  
  89  6:06  SCV  
  89  6:08  Marauder, Starport  
  94  6:15  Factory Reactor, SCV  
  94  6:17  Marauder  
  97  6:19  SCV  
  97  6:23  Marine x2  
  97  6:25  SCV  
  100  6:28  Terran Infantry Armor Level 1  
  100  6:30  Armory, Concussive Shells, Engineering Bay  
  100  6:31  SCV  
  101  6:37  Supply Depot  
  101  6:39  SCV, Supply Depot  
  102  6:41  Marauder  
  102  6:42  SCV  
  102  6:44  Marauder  
  102  6:45  SCV  
  108  6:48  Barracks Tech Lab  
  108  6:49  Barracks Reactor, Marine  
  109  6:57  Factory Reactor  
  109  6:58  Supply Depot  
  109  6:59  SCV x2, Medivac x2  
  109  7:00  SCV  
  116  7:05  Supply Depot  
  116  7:06  Marauder  
  118  7:11  Bunker  
  118  7:15  SCV, Marauder  
  120  7:16  SCV x2  
  120  7:19  Marine  
  120  7:20  Marine  
  120  7:21  Marauder  
  127  7:24  Terran Infantry Weapons Level 2  
  127  7:26  Marine x2  
  127  7:28  SCV  
  127  7:29  Refinery  
  130  7:30  Marauder  
  130  7:31  Supply Depot  
  130  7:32  Supply Depot, Refinery  
  130  7:33  Medivac  
  130  7:34  Medivac  
  130  7:37  Marauder  
  138  7:38  Widow Mine  
  140  7:44  Missile Turret  
  140  7:45  Marine  
  140  7:47  Missile Turret, Supply Depot  
  141  7:52  Marine x3  
  141  7:53  Widow Mine, Marauder  
  141  7:56  Marauder  
  150  7:59  Widow Mine  
  150  8:02  SCV, Marauder  
  155  8:08  Command Center  
  155  8:11  Ghost Academy  
  154  8:14  Supply Depot x2  
  154  8:16  Supply Depot  
  154  8:18  Missile Turret  
  154  8:20  Missile Turret  
  154  8:21  Missile Turret  
  154  8:22  Widow Mine x2  
  154  8:24  Medivac  
  159  8:28  Marauder, Marine  
  159  8:30  Marauder  
  164  8:36  Marauder  
  164  8:37  Marine  
  164  8:38  Marine  
  164  8:39  Marine  
  160  8:50  Marauder  
  115  8:56  Marauder, Marine x2  
  115  9:00  Marauder, Marine x2  
  115  9:01  Widow Mine x2  
  114  9:03  Terran Infantry Armor Level 2  
  108  9:11  Marauder  
  108  9:14  Marine x2  
  107  9:17  Marine  
  107  9:18  Marauder, Marine  
  107  9:21  Barracks, Marine  
  110  9:24  Barracks  
  110  9:26  Widow Mine x2  
  114  9:31  Medivac x2  
  114  9:32  Marauder, Marine  
  114  9:35  Marine x2  
  114  9:36  Marine  
  124  9:38  Ghost x2  
  124  9:44  Terran Infantry Weapons Level 3  
  124  9:45  Barracks  
  128  9:49  SCV x2  
  128  9:51  Marine  
  128  9:52  Marine  
  131  9:53  Ghost  
  131  9:54  Widow Mine x2  
  131  9:58  Marine  
  128  10:09  Ghost, Marine x2  
  128  10:11  SCV x2  
  128  10:14  Ghost  
  122  10:15  SCV  
  122  10:19  Marine x2  
  122  10:21  Marine x2  
  120  10:22  Marauder  
  120  10:23  SCV x2  
  120  10:25  Medivac x2  
  120  10:27  Marine, Widow Mine x2  
  120  10:28  SCV  
  127  10:32  Marine  
  127  10:35  SCV x2  
  127  10:37  Marine  
  127  10:38  Marauder  
  127  10:40  SCV  
  130  10:43  Marauder, Marine x2  
  130  10:47  SCV x2  
  130  10:48  Planetary Fortress  
  136  10:50  Marine x3  
  136  10:57  Medivac  
  141  10:59  SCV x3  
  144  11:04  Marine x2  
  144  11:05  Marauder, Marine  
  144  11:06  Supply Depot  
  149  11:17  Marauder  
  149  11:18  SCV x2  
  153  11:24  SCV x2  
  154  11:27  Marauder, Marine x8  
  154  11:30  SCV x2  
  165  11:38  Marine  
  166  11:45  Marine x7  
  166  11:46  Marauder  
  167  11:48  Marine  
  167  11:50  Widow Mine x2  
  172  11:56  Marine  
  172  11:57  Medivac x2  
  177  12:02  Marine  
  177  12:03  Marine x3  
  177  12:08  Marauder, Marine x2  
  181  12:13  Marine  
  168  12:17  Marine  
  168  12:18  Marauder  
  168  12:20  Marine x2  
  168  12:21  Marine x2  
  150  12:26  Marine x2  
  143  12:39  Marine x3  
  143  12:41  Marauder x2  
  123  13:20  Orbital Command  
  106  14:09  Widow Mine, Marauder  
  95  14:48  Marine  
  42  15:20  Marine x10  
  51  15:25  Orbital Command